Unix NetHack Version 3.7.0-94 Work-in-progress - last build Dec 18 2023 00:11:04 (7e3deff068b9ef4f2ebb9a71ea0f5c4a3b578a14,branch:master). Game began 2023-12-31 15:44:37, ended 2023-12-31 15:57:11. Arasaka, chaotic female orcish Rogue ---- |..----- ------|...|..| --- ------- |....---.h|..| ----.---.>...| |.....|G..)..| --...........-- #.....G.----.--- |...........*| - -..G.-| |...| --...........--- #.@G..| #--.| --.......^....| |G.|.-- |.|--- ---..........--- |..|-- |.|..--- --............- -.- |......--|.-.....--.....| .. ---........|.......|------- .- |........|.........- |. |.......---.......0.. - ---..0--- -----...---- --.- --...| --- |...| |..-- ---- Arasaka the Rogue St:12 Dx:18 Co:15 In:8 Wi:13 Ch:10 Chaotic Dlvl:4 $:57 HP:0(43) Pw:11(16) AC:9 Xp:6/375 T:3065 Latest messages: The door opens. You hear someone cursing shoplifters. A gush of water hits the hobgoblin! You descend the stairs. You climb up the stairs. Where do you want to travel to? (For instructions type a '?') You climb up the stairs. There is a staircase down to level 5 here. You see here a yellowish brown gem. E - a scroll labeled KO BATE. What do you want to read? [BE or ?*] As you read the scroll, it disappears. Your suit turns to dust and falls to the floor! The gnome picks up a gem. You see here 9 rocks. The gnome lord picks up a yellowish brown gem. The gnome hits! You hear rumbling in the distance. The gnome lord hits! You feel your magical energy drain away! The dwarf throws a dagger! You are hit by a dagger. The gnome lord picks up a dagger. You hear crashing rock. The gnome hits! The gnome lord throws a dagger! You are hit by a dagger. You hear crashing rock. The dwarf picks up a dagger. The gnome hits! The gnome hits! The hobbit wields an elven dagger! The hobbit thrusts his elven dagger. The hobbit hits! You hit the hobbit. The hobbit thrusts his elven dagger. The hobbit hits! You hear crashing rock. You kill the hobbit! The gnome throws a throwing star! You are hit by a throwing star. The air crackles around the gnomish wizard. The dwarf picks up an elven dagger. The gnome wields a thonged club! The gnome hits! The gnome wields a thonged club! The gnome swings his thonged club. The gnome hits! You die... Inventory: Coins ('$') $ - 57 gold pieces Weapons (')') b - 9 uncursed +0 orcish daggers (at the ready) a - an uncursed +1 orcish short sword (weapon in right hand) Armor ('[') s - an uncursed +0 pair of elven boots (being worn) Comestibles ('%') h - an uncursed sprig of wolfsbane i - an uncursed tin of dried fox meat Scrolls ('?') B - an uncursed scroll of confuse monster Potions ('!') j - an uncursed potion of blindness v - an uncursed potion of confusion t - a cursed potion of extra healing u - an uncursed potion of fruit juice l - an uncursed potion of gain energy d - an uncursed potion of sickness r - an uncursed potion of speed y - an uncursed potion of water Tools ('(') f - an empty uncursed sack A - an uncursed bag of tricks (0:4) g - an uncursed blindfold e - an uncursed lock pick q - an uncursed stethoscope n - an uncursed tin whistle Arasaka the Rogue's attributes: Background: You were a Rogue, level 6 female orc. You were chaotic, on a mission for Kos who was opposed by Issek (lawful) and Mog (neutral). You were right-handed. You were in the Gnomish Mines, on level 4. You entered the dungeon 3065 turns ago. You had 375 experience points, 265 more were needed to attain level 7. Basics: You had 0 out of 43 hit points. You had 11 out of 16 energy points (spell power). Your armor class was 9. Your wallet contained 57 zorkmids. Autopickup was on for '$"?' plus thrown, with exceptions. Final Characteristics: Your strength was 12 (limit:18/50). Your dexterity was 18 (limit:18). Your constitution was 15 (limit:18). Your intelligence was 8 (limit:16). Your wisdom was 13 (limit:16). Your charisma was 10 (limit:16). Final Status: You weren't hungry. You were unencumbered. You were wielding a short sword. You had basic skill with short sword and could have enhanced that. Final Attributes: You were piously aligned. You were poison resistant. You had infravision. You were stealthy. You are dead. Miscellaneous: You disabled loading of bones levels. Total elapsed playing time was 12 minutes and 34 seconds. Major events: Turn 1: Arasaka the chaotic female orcish Rogue entered the dungeon 253: entered the Gnomish Mines 725: attained the rank of Cutpurse (level 3) 2427: reached Mine Town 2742: attained the rank of Rogue (level 6) 3065: killed by a gnome Vanquished creatures: a gnome ruler a dingo a rock piercer a rock mole a pony a shrieker a gnome leader 2 gnomish wizards an elf zombie 3 little dogs a dwarf a homunculus a centipede 2 monkeys a werejackal an iguana 2 acid blobs a hobbit a cave spider a brown mold 2 yellow molds a red mold 6 gnomes 6 garter snakes 6 gnome zombies 4 jackals a fox a kobold a goblin 7 sewer rats 4 grid bugs 4 lichens 8 kobold zombies 5 newts 81 creatures vanquished. No species were genocided or became extinct. Voluntary challenges: You read items or engraved 5 times. You never engraved Elbereth. You never genocided any monsters. You never polymorphed an object. You never changed form. You used no wishes. Achievements: You entered the Gnomish Mines. You attained the rank of Cutpurse. You entered Minetown. You entered a shop. You entered a temple. You attained the rank of Rogue. The Dungeons of Doom: levels 1 to 7 Level 1: Level 2: A fountain. Stairs down to The Gnomish Mines. Level 3: A fountain. Level 4: A fountain. Level 5: A fountain. Level 6: Many fountains. Level 7: The Gnomish Mines: levels 3 to 6 Level 3: Level 4: <- You were here. Final resting place for you, killed by a gnome. Level 5: A lighting shop, a temple and an altar, some fountains. Level 6: Game over: ---------- / \ / REST \ / IN \ / PEACE \ / \ | Arasaka | | 57 Au | | killed by a | | gnome | | | | | | 2023 | *| * * * | * _________)/\\_//(\/(/\)/\//\/|_)_______ Goodbye Arasaka the Rogue... You died in The Gnomish Mines on dungeon level 4 with 1902 points, and 57 pieces of gold, after 3065 moves. You were level 6 with a maximum of 43 hit points when you died.